 Dungeon Crawl Stone Soup version 0.27.1-33-g824d729ab1 (webtiles) character file.

Game seed: 10999317547799136693

229074 testman the Gelid (level 18, -6/134 HPs)
             Began as a Demonspawn Ice Elementalist on Dec 25, 2021.
             Was a High Priest of Sif Muna.
             Shot with a bolt by a naga sharpshooter (11 damage)
             ... on level 3 of the Snake Pit on Dec 26, 2021.
             The game lasted 08:30:59 (56374 turns).

testman the Gelid (Demonspawn Ice Elementalist)    Turns: 56374, Time: 08:30:59

Health: -6/134     AC: 25    Str: 16    XL:     18   Next: 72%
Magic:  22/35      EV: 18    Int: 23    God:    Sif Muna [*****.]
Gold:   1243       SH: 11    Dex: 15    Spells: 9/43 levels left

rFire    . . .     SeeInvis +   n - +4 demon trident (vamp)
rCold    + . .     Faith    .   O - +2 buckler
rNeg     . . .     Spirit   .   p - +2 robe {Archmagi}
rPois    +         Reflect  .   (helmet unavailable)
rElec    .         Harm     .   c - +2 cloak of Defiance {rPois Regen+}
rCorr    .         Rampage  .   Q - +2 pair of gloves
Will     +....     Archmagi +   K - +1 pair of boots
Stlth    ++........             k - amulet of magic regeneration
HPRegen  1.32/turn              G - ring of Alyloroo {rPois EV+4 Slay+6}
MPRegen  0.49/turn              Y - ring "Woisch" {Str+7 SInv}

@: no status effects
A: horns 3, icy blue scales 3, icemail 2, condensation shield, demonic magic 3
}: 1/15 runes: decaying
a: Renounce Religion, Channel Magic, Forget Spell, Divine Exegesis


You were on level 3 of the Snake Pit.
You worshipped Sif Muna.
Sif Muna was extremely pleased with you.
You visited 6 branches of the dungeon, and saw 31 of its levels.
You also visited: Ice Cave.

You collected 3751 gold pieces.
You spent 2508 gold pieces at shops.

Inventory:

Hand Weapons
 n - a +4 vampiric demon trident (weapon)
Missiles
 f - 3 throwing nets
 w - 30 boomerangs (quivered)
 Z - 15 javelins
Armour
 c - the +2 cloak of Defiance (worn) {rPois Regen+}
   (You found it on level 3 of the Snake Pit)

   rPois:     It protects you from poison.
   Regen:     It increases your rate of health regeneration.
 p - a +2 robe of the Archmagi (worn)
 K - a +1 pair of boots (worn)
 O - a +2 buckler (worn)
 Q - a +2 pair of gloves (worn)
Jewellery
 k - an amulet of magic regeneration (around neck)
 D - a ring of flight
 G - the ring of Alyloroo (left hand) {rPois EV+4 Slay+6}
   (You bought it in a shop on level 1 of the Snake Pit)

   [ring of evasion]

   EV:        It affects your evasion (+4).
   Slay:      It affects your accuracy & damage with ranged weapons and melee
   (+6).
   rPois:     It protects you from poison.
 X - a ring of resist corrosion
 Y - the ring "Woisch" (right hand) {Str+7 SInv}
   (You took it off an orc on level 10 of the Dungeon)

   [ring of see invisible]

   Str:       It affects your strength (+7).
   SInv:      It lets you see invisible.
Wands
 t - a wand of iceblast (22)
 v - a wand of charming (9)
 C - a wand of acid (10)
 H - a wand of mindburst (12)
 S - a wand of digging (3)
 T - a wand of paralysis (8)
 U - a wand of flame (29)
Scrolls
 b - 11 scrolls of fog
 d - 6 scrolls of teleportation
 j - 3 scrolls of blinking
 x - 2 scrolls of amnesia
 y - a scroll of summoning
 A - a scroll of silence
 B - a scroll of enchant weapon
 E - 6 scrolls of identify
 N - 3 scrolls of magic mapping
 R - 3 scrolls of brand weapon
Potions
 e - 3 potions of invisibility
 g - 3 potions of haste
 h - 9 potions of curing
 i - 5 potions of might
 l - 3 potions of ambrosia
 o - 4 potions of magic
 r - 4 potions of attraction
 F - 4 potions of resistance
 I - 3 potions of mutation
 J - 3 potions of heal wounds
 L - 3 potions of brilliance
 V - 5 potions of cancellation
 W - 3 potions of berserk rage
Miscellaneous
 a - a condenser vane
 m - a phial of floods
 u - a box of beasts


   Skills:
 - Level 10.1 Fighting
 - Level 11.4 Polearms
 - Level 2.0(2.9) Slings
 - Level 3.1(3.4) Throwing
 - Level 5.0 Armour
 - Level 6.0 Dodging
 - Level 2.0 Stealth
 - Level 5.0 Shields
 - Level 13.3 Spellcasting
 + Level 12.7 Conjurations
 + Level 10.2 Translocations
 - Level 15.0 Ice Magic
 - Level 13.0 Invocations
 - Level 3.1 Evocations


You had 9 spell levels left.
You knew the following spells:

 Your Spells              Type           Power      Damage    Failure   Level
a - Freeze                Ice            100%       1d11      0%          1
b - Frozen Ramparts       Ice            100%       1d12      1%          3
c - Ozocubu's Armour      Ice            91%        N/A       1%          3
d - Hailstorm             Conj/Ice       87%        3d17      1%          4
e - Blink                 Tloc           N/A        N/A       1%          2
f - Iskenderun's Mystic   Conj/Tloc      80%        2d16      1%          4
g - Gell's Gravitas       Tloc           38%        N/A       1%          3
h - Apportation           Tloc           100%       N/A       1%          1
i - Dispersal             Tloc           38%        N/A       9%          6
j - Orb of Destruction    Conj           42%        9d14      19%         7

Your spell library contained the following spells:

 Spells                   Type           Power      Damage    Failure   Level
 Foxfire                  Conj/Fire      100%       2x1d9     1%          1
 Magic Dart               Conj           100%       1d8       1%          1
 Shock                    Conj/Air       100%       1d9       1%          1
 Ensorcelled Hibernation  Hex/Ice        100%       N/A       1%          2
 Conjure Flame            Conj/Fire      61%        6-21      1%          3
 Dazzling Flash           Conj/Hex       100%       N/A       1%          3
 Stone Arrow              Conj/Erth      100%       3d13      1%          3
 Teleport Other           Tloc           76%        N/A       1%          3
 Ice Form                 Ice/Tmut       66%        N/A       1%          4
 Summon Ice Beast         Ice/Summ       66%        N/A       1%          4
 Manifold Assault         Tloc           76%        N/A       1%          5
 Mephitic Cloud           Conj/Pois/Air  51%        N/A       2%          3
 Freezing Cloud           Conj/Ice/Air   36%        6-21      2%          5
 Fulminant Prism          Conj/Hex       30%        3d16      3%          4
 Animate Skeleton         Necr           46%        N/A       4%          1
 Corona                   Hex            25%        N/A       4%          1
 Sting                    Tmut/Pois      92%        1d7       4%          1
 Summon Small Mammal      Summ           92%        N/A       4%          1
 Metabolic Englaciation   Hex/Ice        33%        N/A       4%          5
 Call Imp                 Summ           23%        N/A       6%          2
 Corpse Rot               Necr/Air       N/A        N/A       6%          2
 Passwall                 Tmut/Erth      19%        N/A       6%          2
 Poisonous Vapours        Pois/Air       46%        N/A       6%          2
 Wereblood                Tmut           23%        N/A       6%          2
 Irradiate                Conj/Tmut      30%        3d23      9%          5
 Confusing Touch          Hex            23%        N/A       12%         3
 Ignite Poison            Fire/Tmut/Pois 23%        N/A       12%         3
 Inner Flame              Hex/Fire       23%        N/A       12%         3
 Spider Form              Tmut/Pois      11%        N/A       12%         3
 Summon Guardian Golem    Hex/Summ       23%        N/A       12%         3
 Swiftness                Air            23%        N/A       12%         3
 Summon Forest            Summ/Tloc      27%        N/A       14%         5
 Bolt of Magma            Conj/Fire/Erth 25%        4d12      21%         5
 Airstrike                Air            11%        N/A       36%         4
 Animate Armour           Summ/Erth      46%        N/A       36%         4
 Animate Dead             Necr           11%        N/A       36%         4
 Leda's Liquefaction      Hex/Erth       11%        N/A       36%         4
 Conjure Ball Lightning   Conj/Air       30%        3x3d10    41%         6
 Agony                    Necr           23%        N/A       73%         5
 Alistair's Intoxication  Tmut/Pois      15%        N/A       73%         5
 Blade Hands              Tmut           11%        N/A       73%         5
 Lee's Rapid Deconstruct  Erth           11%        3d9*      73%         5
 Silence                  Hex/Air        11%        N/A       73%         5
 Eringya's Noxious Bog    Tmut/Pois      11%        N/A       99%         6
 Statue Form              Tmut/Erth      15%        N/A       99%         6
 Malign Gateway           Summ/Tloc      27%        N/A       99%         7
 Dragon Form              Tmut           11%        N/A       100%        7
 Haunt                    Necr/Summ      11%        N/A       100%        7
 Summon Hydra             Summ           11%        N/A       100%        7
 Infestation              Necr           11%        N/A       100%        8
 Lehudib's Crystal Spear  Conj/Erth      30%        10d8      100%        8
 Shatter                  Erth           11%        3d12*     100%        9


Dungeon Overview and Level Annotations

Branches:
Dungeon (15/15)            Temple (1/1) D:4            Lair (6/6) D:10
  Swamp (4/4) Lair:2        Snake (3/4) Lair:4        Slime (0/5) Lair:6
    Orc (2/2) D:11            Elf (0/3) Orc:2        Vaults (0/5) D:14
 Depths (0/5) D:15          IceCv (visited)

Altars:
Ashenzari
Cheibriados
Dithmenos
Elyvilon
Fedhas
Gozag
Hepliaklqana
Kikubaaqudgha
Makhleb
Nemelex Xobeh
Okawaru
Qazlal
Ru
Sif Muna
Trog
Uskayaw
Vehumet
Wu Jian
Xom
Yredelemnul
Zin
The Shining One
Beogh
Jiyva

Shops:
D:1 (   D:6 (   D:15 !   Orc:1 **   Orc:2 *=([   Snake:1 =(=[([[   Snake:3 :=:

Annotations:
D:13 3 runed translucent doors, OhItsWolfy's ghost, journeyman MiHu
D:14 Louise
D:15 Roxanne
Swamp:2 2 transporters, cummra's ghost, journeyman GrEE
Swamp:4 Nikola


Innate Abilities, Weirdness & Mutations

You have a pair of large horns on your head.
You are completely covered in icy blue scales. (AC +4, rC+)
A meltable icy envelope protects you from harm. (AC +8)
A meltable shield of frost defends you. (SH +4)
Spells you cast and wands you use may paralyse nearby enemies.


Message History

You resist.
You hear a shout!
The electric eel shoots out a bolt of lightning at you!
The bolt of electricity misses you.
The naga sharpshooter spits poison at you.
You block the splash of poison.
The naga sharpshooter gestures wildly while chanting.
The naga sharpshooter spits poison at you.
The splash of poison hits you but does no damage.
You resist.
The naga sharpshooter shoots an arrow.
The arrow hits you!
* * * LOW HITPOINT WARNING * * *
The electric eel shoots out a bolt of lightning at you!
The bolt of electricity misses you.
The naga sharpshooter shoots a bolt.
The bolt closely misses you.
The naga sharpshooter casts a spell.
The naga sharpshooter magically shoots an arrow.
You block the arrow.
The naga sharpshooter shoots an arrow.
The arrow misses you.
The naga sharpshooter shoots a bolt.
The bolt hits you!!
* * * LOW HITPOINT WARNING * * *
The naga sharpshooter spits poison at you.
The splash of poison misses you.
The naga sharpshooter shoots a bolt.
The bolt hits you!
* * * LOW HITPOINT WARNING * * *
You hear an angry hiss.
As you read the scroll of fog, it crumbles to dust.
The scroll dissolves into smoke.
The electric eel shoots out a bolt of lightning at you!
The bolt of electricity hits you but does no damage.
The naga sharpshooter gestures wildly while chanting.
The naga sharpshooter magically shoots an arrow.
You block the arrow.
The naga sharpshooter mumbles some strange words.
The naga sharpshooter magically shoots an arrow.
You block the arrow.
The naga sharpshooter shoots a bolt.
The bolt hits you.
* * * LOW HITPOINT WARNING * * *
The naga sharpshooter gestures wildly while chanting.
The naga sharpshooter magically shoots an arrow.
The arrow completely misses you.
The naga sharpshooter shoots a bolt.
The bolt hits you!
You die...

^♣♣#..##...≈≈N#(...)#.≈≈...##....
∩.♣#.###...≈≈N##'''##N≈≈...###...
.P♣#.# ....≈≈..NNNNN..≈≈.... #...
.P♣#.##....≈≈≈≈≈≈≈≈≈≈≈≈≈.... #...
♣♣♣#.##....≈≈≈≈≈;≈≈;≈≈≈≈... #..[
####.##................... #...
.....##........§.§........ #...
#######.......§§§§........ #...
###### .....##@§.##..... #...
.....## #######§§§## #### ##...
......#########....)#########....
......)).........................
......)##........##..<...........
.......##########################
.......##################
................##......#
................##......#


You could see 6 naga sharpshooters and 2 electric eels.

Vanquished Creatures
  Mara (Swamp:4)
  Saint Roka (Orc:2)
  Bai Suzhen (Swamp:3)
  Vashnia (Snake:3)
  A tentacled monstrosity (Swamp:3)
  3 nagarajas
  A fenstrider witch (Swamp:2)
  An orc warlord (Orc:1)
  2 very ugly things
  A ghoul (Swamp:3)
  A dire elephant (Lair:6)
  3 bunyips (Swamp:3)
  Azrael (D:14)
  The ghost of Caurch the Cleaver, a journeyman MiBe of Trog (Lair:3)
  2 ettins
  4 eleionomae
  2 blizzard demons (D:13)
  2 green deaths
  Josephine (D:14)
  10 boulder beetles
  21 hydras
  10 naga warriors
  3 ghost crabs
  17 centaur warriors
  2 ogre magi (D:15)
  7 alligators
  3 death knights
  2 catoblepae
  A deep troll shaman (Lair:6)
  4 anacondas
  17 two-headed ogres
  4 death yaks (Lair:6)
  4 tengu warriors
  2 thrashing horrors (Swamp:4)
  3 shock serpents
  Urug (Orc:2)
  2 orc high priests (Orc:2)
  8 naga sharpshooters
  2 spriggan berserkers (Swamp:2)
  A hell knight (D:15)
  17 slime creatures
  6 skeletal warriors
  5 goliath frogs
  4 salamander mystics
  2 sea snakes
  3 spriggan druids
  A death drake (Swamp:4)
  An iron troll (D:14)
  11 swamp dragons
  A deep troll (D:15)
  3 orc knights (Orc:2)
  5 wizards
  15 bog bodies
  5 harpies (D:15)
  A necromancer (D:15)
  4 deep elf pyromancers
  3 orc sorcerers
  2 mana vipers
  9 salamanders
  A cyclops (shapeshifter) (D:14)
  6 manticores
  6 will-o-the-wisps
  3 oklob plants (Lair:4)
  13 cyclopes
  16 ugly things
  5 elephants (Lair:6)
  2 guardian serpents
  19 black mambas
  Joseph (D:9)
  6 naga magi
  2 gargoyles
  An orange demon (Swamp:4)
  A molten gargoyle (D:13)
  12 cane toads
  Psyche (D:8)
  3 efreet
  A komodo dragon (shapeshifter) (D:14)
  4 komodo dragons
  4 tengu conjurers
  3 freezing wraiths
  A rime drake (Lair:5)
  A rime drake (shapeshifter) (D:14)
  3 entropy weaver simulacra (IceCv)
  A jumping spider (shapeshifter) (D:13)
  8 trolls
  6 ice devils (D:13)
  A large abomination (Swamp:4)
  12 tyrant leeches
  A meliai (shapeshifter) (D:14)
  7 polar bears
  A bloated husk (Swamp:2)
  10 blink frogs
  12 hornets
  7 dream sheep
  A meliai zombie (D:10)
  5 shadows
  2 centaur simulacra
  3 vampires
  31 yaks
  7 wraiths
  12 spriggans
  2 fire elementals (D:14)
  4 wyverns
  A basilisk (shapeshifter) (D:14)
  5 basilisks
  20 vampire mosquitoes
  2 death yak simulacra (IceCv)
  3 wargs (Orc:2)
  11 swamp worms
  An acid dragon (D:10)
  A harpy simulacrum (IceCv)
  13 nagas
  8 water moccasins
  3 hell hounds (D:14)
  Duvessa (D:5)
  An ice beast (D:4)
  3 swamp drakes (Lair:4)
  A black bear (D:6)
  29 orc warriors
  3 sky beasts
  5 necrophages
  A boggart (D:14)
  10 ogres
  17 wolves
  13 centaurs
  A phantom (D:5)
  12 bullfrogs
  3 kobold brigands
  Blork the orc (Orc:2)
  2 gnoll sergeants
  6 two-headed ogre simulacra (IceCv)
  A scorpion (Lair:1)
  A cane toad simulacrum (IceCv)
  A wyvern skeleton (D:6)
  Dowan (D:5)
  A small abomination (Swamp:4)
  20 killer bees
  4 elephant simulacra
  13 howler monkeys
  7 wights
  2 electric eels
  7 centaur zombies
  A bullfrog zombie (D:6)
  2 centaur skeletons (D:5)
  6 hounds
  3 jellies
  21 orc priests
  Crazy Yiuf (D:2)
  Jessica (D:2)
  2 iguanas
  26 orc wizards
  2 polar bear simulacra (IceCv)
  6 spriggan simulacra (IceCv)
  A scorpion zombie (D:5)
  Natasha (thrice) (D:2)
  7 troll simulacra (IceCv)
  Terence (D:3)
  2 killer bee zombies
  3 wolf simulacra
  2 hound skeletons
  6 howler monkey zombies
  7 adders
  10 gnolls
  3 naga simulacra (IceCv)
  2 shadow imps
  7 white imps (IceCv)
  4 ufetubi
  A worm (D:3)
  111 orcs
  5 ball pythons
  11 bats
  3 endoplasms
  2 giant cockroaches
  16 goblins
  8 hobgoblins
  2 jackals (D:3)
  14 kobolds
  5 quokkas
  2 frilled lizards
  6 rats
1050 creatures vanquished.

Vanquished Creatures (others)
  A goliath frog (Swamp:2)
  An unseen horror (D:13)
  2 bloated husks
  A swamp worm (Swamp:2)
  An orc warrior (Orc:2)
  A centaur zombie (D:7)
  2 bushes
  26 foxfires
  19 fungi
  31 plants
85 creatures vanquished.

Grand Total: 1135 creatures vanquished

Notes
Turn   | Place    | Note
-------+----------+-------------------------------------------
     0 | D:1      | testman the Demonspawn Ice Elementalist began the quest for
                  | the Orb.
     0 | D:1      | Reached XP level 1. HP: 13/13 MP: 3/3
   437 | D:1      | Reached skill level 4 in Ice Magic
   698 | D:1      | Gained mutation: You have a pair of small horns on your
                  | head. [demonic ancestry]
   698 | D:1      | Reached XP level 2. HP: 19/19 MP: 3/5
  1440 | D:1      | Found Ziahef's Antique Weapon Boutique.
  1650 | D:1      | Gained mutation: You are partially covered in icy blue
                  | scales. (AC +2) [demonic ancestry]
  1650 | D:1      | Reached XP level 3. HP: 19/24 MP: 6/6
  1927 | D:2      | Learned a level 3 spell: Frozen Ramparts
  2285 | D:2      | Reached skill level 1 in Shields
  2519 | D:2      | Noticed Natasha
  2524 | D:2      | Killed Natasha
  2525 | D:2      | Gained mutation: You are mostly covered in icy blue scales.
                  | (AC +3) [demonic ancestry]
  2525 | D:2      | Reached XP level 4. HP: 22/30 MP: 2/7
  2608 | D:2      | Noticed Jessica
  2609 | D:2      | Noticed Natasha
  2617 | D:2      | Killed Natasha
  2618 | D:2      | Reached skill level 5 in Ice Magic
  2631 | D:2      | Killed Jessica
  2906 | D:2      | Learned a level 3 spell: Ozocubu's Armour
  2922 | D:2      | Gained mutation: You are completely covered in icy blue
                  | scales. (AC +4, rC+) [demonic ancestry]
  2922 | D:2      | Reached XP level 5. HP: 35/35 MP: 8/8
  2953 | D:2      | Noticed Natasha
  2963 | D:2      | Killed Natasha
  3243 | D:2      | Found a runed translucent door.
  3244 | D:2      | Noticed Crazy Yiuf
  3251 | D:2      | Killed Crazy Yiuf
  3504 | D:3      | Found a faded altar of an unknown god.
  3593 | D:3      | Noticed Terence
  3600 | D:3      | Killed Terence
  3879 | D:3      | Gained mutation: A meltable shield of frost defends you.
                  | (SH +4) [demonic ancestry]
  3879 | D:3      | Reached XP level 6. HP: 39/41 MP: 7/9
  4174 | D:3      | Reached skill level 6 in Ice Magic
  4592 | D:4      | Found a staircase to the Ecumenical Temple.
  4604 | Temple   | Entered the Ecumenical Temple
  4673 | Temple   | Became a worshipper of Sif Muna the Loreminder
  4998 | D:4      | Noticed an ice beast
  5140 | D:4      | Killed an ice beast
  5141 | D:4      | Reached XP level 7. HP: 34/46 MP: 10/10
  5419 | D:5      | Entered Level 5 of the Dungeon
  5603 | D:5      | Reached skill level 7 in Ice Magic
  5710 | D:5      | Noticed Dowan
  5717 | D:5      | Noticed Duvessa
  5728 | D:5      | Killed Dowan
  5729 | D:5      | Reached skill level 1 in Invocations
  5730 | D:5      | Killed Duvessa
  5731 | D:5      | Reached skill level 1 in Fighting
  5894 | D:5      | Gained mutation: Spells you cast may paralyse adjacent
                  | enemies. [demonic ancestry]
  5894 | D:5      | Reached XP level 8. HP: 52/54 MP: 13/13
  6239 | D:5      | Learned a level 4 spell: Hailstorm
  6461 | D:5      | Reached * piety under Sif Muna
  6860 | D:6      | Found Ludeyhix's Weapon Boutique.
  7401 | D:6      | Reached skill level 1 in Slings
  7401 | D:6      | Reached skill level 8 in Ice Magic
  7401 | D:6      | Reached skill level 5 in Invocations
  7560 | D:6      | Reached skill level 5 in Spellcasting
  7689 | D:6      | Gained mutation: A meltable icy envelope protects you from
                  | harm. (AC +8) [demonic ancestry]
  7689 | D:6      | Reached XP level 9. HP: 61/61 MP: 16/16
  8154 | D:7      | Found a basalt altar of Yredelemnul.
  8157 | D:7      | Noticed a profane servitor
  8321 | D:7      | Noticed a two-headed ogre
  8599 | D:7      | Killed a two-headed ogre
  8845 | D:7      | Reached skill level 9 in Ice Magic
  9305 | D:7      | Reached ** piety under Sif Muna
  9938 | D:7      | Noticed an angel
 10210 | D:8      | Gained mutation: Spells you cast may paralyse nearby
                  | enemies. [demonic ancestry]
 10210 | D:8      | Reached XP level 10. HP: 67/67 MP: 20/20
 10421 | D:8      | Noticed Psyche
 10429 | D:8      | Killed Psyche
 10904 | D:9      | Reached skill level 1 in Polearms
 10904 | D:9      | Reached skill level 1 in Conjurations
 10966 | D:9      | Found an ornate altar of the Wu Jian Council.
 10966 | D:9      | Found a radiant altar of Vehumet.
 10996 | D:9      | Noticed a centaur warrior
 11008 | D:9      | Killed a centaur warrior
 11206 | D:9      | Noticed a two-headed ogre
 11245 | D:9      | Killed a two-headed ogre
 11366 | D:9      | Noticed Joseph
 11388 | D:9      | Killed Joseph
 11823 | D:9      | Reached skill level 10 in Ice Magic
 11859 | D:9      | Found a burning altar of Makhleb.
 11935 | D:9      | Reached *** piety under Sif Muna
 11954 | D:9      | Reached skill level 10 in Invocations
 12158 | D:10     | Entered Level 10 of the Dungeon
 12173 | D:10     | Noticed an angel
 12352 | D:10     | Found a staircase to the Lair.
 12379 | D:10     | Reached XP level 11. HP: 72/72 MP: 21/23
 12392 | D:10     | Found a shimmering altar of Xom.
 12729 | D:10     | Found a broken altar of Ashenzari.
 12773 | D:10     | Found a shadowy altar of Dithmenos.
 13221 | D:10     | Identified the ring "Woisch" {Str+7 SInv}
 13229 | D:10     | Noticed a brown ugly thing
 13248 | D:10     | Noticed a deep elf pyromancer
 13362 | D:10     | Noticed a skeletal warrior
 13516 | D:10     | Killed a skeletal warrior
 13871 | D:10     | Noticed a boulder beetle
 13872 | D:10     | Noticed a wizard
 13915 | D:10     | Killed a boulder beetle
 13973 | D:10     | Noticed a two-headed ogre
 14150 | D:10     | Killed a two-headed ogre
 14151 | D:10     | Reached skill level 5 in Conjurations
 14156 | D:10     | Killed a wizard
 14255 | D:10     | Reached **** piety under Sif Muna
 14331 | D:10     | Killed a deep elf pyromancer
 14379 | D:10     | Killed a brown ugly thing
 14951 | D:10     | Noticed a catoblepas
 15000 | D:10     | Killed a catoblepas
 15462 | D:11     | Noticed a two-headed ogre
 15477 | D:11     | Killed a two-headed ogre
 15478 | D:11     | Gained mutation: You have a pair of horns on your head.
                  | [demonic ancestry]
 15478 | D:11     | Reached XP level 12. HP: 71/80 MP: 16/25
 15635 | D:11     | Found a staircase to the Orcish Mines.
 15978 | D:11     | Noticed a boulder beetle
 15993 | D:11     | Killed a boulder beetle
 16564 | Lair:1   | Entered Level 1 of the Lair of Beasts
 16590 | Lair:1   | Noticed a seven-headed hydra
 17430 | D:12     | Reached skill level 11 in Ice Magic
 17469 | D:12     | Noticed a two-headed ogre
 17479 | D:12     | Killed a two-headed ogre
 17498 | D:12     | Noticed a tengu warrior
 17605 | D:12     | Killed a tengu warrior
 17833 | D:12     | Found an opulent altar of Gozag.
 17974 | D:12     | Noticed a boulder beetle
 18146 | D:12     | Killed a boulder beetle
 18147 | D:12     | Reached skill level 5 in Polearms
 18332 | D:13     | Noticed a centaur warrior
 18406 | D:13     | Killed a centaur warrior
 18792 | D:13     | Noticed a centaur warrior
 18799 | D:13     | Noticed a centaur warrior
 19201 | Lair:1   | Noticed a seven-headed hydra
 19259 | D:10     | Killed a seven-headed hydra
 19917 | Lair:1   | Noticed a five-headed hydra
 19936 | Lair:1   | Killed a five-headed hydra
 20143 | Lair:1   | Found a radiant altar of Vehumet.
 20495 | Lair:1   | Reached ***** piety under Sif Muna
 20843 | Lair:1   | Reached skill level 5 in Fighting
 20845 | Lair:1   | Reached XP level 13. HP: 79/91 MP: 17/26
 22028 | Lair:2   | Found a staircase to the Swamp.
 22235 | Lair:3   | Reached skill level 10 in Spellcasting
 22506 | Lair:3   | Received a gift from Sif Muna
 22507 | Lair:3   | Got Sif Muna's Tome of the Compass {god gift}
 22511 | Lair:3   | Learned a level 2 spell: Blink
 22516 | Lair:3   | Learned a level 4 spell: Iskenderun's Mystic Blast
 22520 | Lair:3   | Learned a level 3 spell: Gell's Gravitas
 22864 | Lair:3   | Reached skill level 1 in Translocations
 22912 | Lair:3   | Identified the +4 quarterstaff "Tetic" {vorpal, *Slow rElec
                  | SInv Stlth+}
 23053 | Lair:3   | Found a runed translucent door.
 23053 | Lair:3   | Noticed Caurch's ghost (journeyman MiBe)
 23080 | Lair:3   | Killed Caurch's ghost
 24606 | Lair:4   | Found a staircase to the Snake Pit.
 25079 | Lair:4   | Reached skill level 12 in Ice Magic
 25089 | Lair:4   | HP: 4/92 [poisoned by a swamp dragon (poison gas)]
 25867 | Lair:5   | Found a frozen archway.
 25910 | IceCv    | Entered an ice cave
 26896 | IceCv    | Reached skill level 5 in Translocations
 26911 | IceCv    | Received a gift from Sif Muna
 26912 | IceCv    | Got Vufrauf's Compendium of Envenoming and Changing {god
                  | gift}
 27184 | IceCv    | Reached XP level 14. HP: 95/98 MP: 21/28
 29203 | Lair:6   | Entered Level 6 of the Lair of Beasts
 29312 | Lair:5   | Reached skill level 1 in Evocations
 29824 | Lair:5   | Reached skill level 1 in Armour
 30069 | Lair:6   | Got Taug's Papyrus of Mutagenic Enchantment
 30124 | Lair:6   | Reached skill level 1 in Throwing
 30582 | Lair:6   | Found a staircase to the Slime Pits.
 30583 | Lair:6   | Found a viscous altar of Jiyva.
 32214 | D:13     | Found a runed translucent gate.
 32215 | D:13     | Found a runed translucent gate.
 32216 | D:13     | Found a runed translucent gate.
 32220 | D:13     | Noticed OhItsWolfy's ghost (journeyman MiHu)
 33073 | D:13     | Gained mutation: A meltable icy envelope protects you from
                  | harm. (AC +8) [demonic ancestry]
 33073 | D:13     | Reached XP level 15. HP: 90/106 MP: 21/29
 33214 | D:13     | Identified the -4 buckler "Oneto" {Int+4 Dex+5 Stlth+}
 34001 | D:13     | Received a gift from Sif Muna
 34003 | D:13     | Got Azitrogo's Guide on Feathery Poison {god gift}
 34137 | D:13     | Reached skill level 5 in Shields
 35515 | D:13     | Found the +8 frozen axe "Frostbite" {freezing cloud, *Noise
                  | Fly rC+}
 35776 | D:14     | Reached skill level 10 in Conjurations
 35888 | D:14     | Found a gate to the Vaults.
 35957 | D:14     | Noticed Louise
 35998 | D:14     | Found a sacrificial altar of Ru.
 36264 | D:14     | Reached skill level 13 in Ice Magic
 36435 | D:14     | Identified a scroll of acquirement
 37202 | D:14     | You fall into a shaft and drop 1 floor!
 37202 | D:15     | Entered Level 15 of the Dungeon
 37611 | D:15     | Reached XP level 16. HP: 50/118 MP: 29/31
 38048 | D:14     | Noticed Josephine
 38113 | D:14     | Killed Josephine
 39037 | D:14     | Noticed Azrael
 39057 | D:14     | Received a gift from Sif Muna
 39059 | D:14     | Killed Azrael
 39075 | D:14     | Learned a level 1 spell: Apportation
 39362 | D:15     | Noticed Roxanne
 39398 | D:15     | Found Ufikhlah's Distillery.
 39620 | D:15     | Bought a potion of heal wounds for 70 gold pieces
 39742 | D:15     | Found a staircase to the Depths.
 40469 | Orc:1    | Entered Level 1 of the Orcish Mines
 40509 | Orc:1    | Paralysed by an orc sorcerer for 5 turns
 40790 | Orc:1    | Found Ulludiwu's Specific Store.
 40877 | Orc:1    | Found Ecsec's General Store.
 41089 | Orc:2    | Entered Level 2 of the Orcish Mines
 41533 | Orc:2    | Found a staircase to the Elven Halls.
 41629 | Orc:1    | Received a gift from Sif Muna
 41630 | Orc:1    | Reached skill level 14 in Ice Magic
 41630 | Orc:1    | Got Sif Muna's Disquisition on the Glacial Oath {god gift}
 42080 | Orc:2    | Noticed Saint Roka
 42087 | Orc:2    | Noticed Blork the orc
 42147 | Orc:2    | Killed Saint Roka
 42148 | Orc:2    | Reached skill level 10 in Fighting
 42450 | Orc:2    | Noticed Urug
 42510 | Orc:2    | Killed Urug
 42570 | Orc:2    | Killed Blork the orc
 42725 | Orc:2    | Found Pienwoig's Antique Armour Boutique.
 42849 | Orc:2    | Found Otukh's General Store.
 42864 | Orc:2    | Found Wepotock's Antique Weapon Boutique.
 42901 | Orc:2    | Found Vobax's Jewellery Boutique.
 43190 | Orc:2    | Bought a glimmering ring mail for 216 gold pieces
 43190 | Orc:2    | Identified the +2 ring mail of Watchfulness {-Tele rF+
                  | Regen+ Dex+3} (You bought it in a shop on level 2 of the
                  | Orcish Mines)
 43194 | Orc:2    | Bought a shiny buckler for 180 gold pieces
 43194 | Orc:2    | Bought a pair of glowing boots for 180 gold pieces
 43247 | Orc:2    | Bought a ring of poison resistance for 240 gold pieces
 43298 | Orc:1    | Bought a scroll of identify for 26 gold pieces
 43298 | Orc:1    | Bought a scroll of identify for 26 gold pieces
 43302 | Orc:1    | Acquired a +2 vampiric demon trident
 43431 | Swamp:1  | Entered Level 1 of the Swamp
 43460 | Swamp:1  | Reached skill level 10 in Polearms
 44978 | Swamp:2  | Reached skill level 5 in Dodging
 45078 | Swamp:2  | Gained mutation: Spells you cast and wands you use may
                  | paralyse nearby enemies. [demonic ancestry]
 45078 | Swamp:2  | Reached XP level 17. HP: 128/128 MP: 33/33
 45136 | Swamp:2  | Found a transporter.
 45137 | Swamp:2  | Noticed cummra's ghost (journeyman GrEE)
 45149 | Swamp:2  | Found a transporter.
 45615 | Swamp:2  | Got the Tome of Changing
 46232 | Swamp:3  | Received a gift from Sif Muna
 46251 | Swamp:3  | Learned a level 6 spell: Dispersal
 48028 | Swamp:3  | Noticed Bai Suzhen
 48088 | Swamp:3  | Killed Bai Suzhen
 48874 | Swamp:4  | Entered Level 4 of the Swamp
 50625 | Swamp:4  | Noticed Mara
 50659 | Swamp:4  | Killed Mara
 50732 | Swamp:4  | Reached skill level 15 in Ice Magic
 51007 | Swamp:4  | Reached skill level 5 in Armour
 51016 | Swamp:4  | Received a gift from Sif Muna
 51020 | Swamp:4  | Got Zumups's Incunabulum of Toxins and Arcane Weapons {god
                  | gift}
 51082 | Swamp:4  | Noticed a tentacled monstrosity
 51240 | Swamp:3  | Learned a level 7 spell: Orb of Destruction
 51266 | Swamp:3  | Killed a tentacled monstrosity
 51396 | Swamp:4  | Gained mutation: You have a pair of large horns on your
                  | head. [demonic ancestry]
 51396 | Swamp:4  | Reached XP level 18. HP: 70/134 MP: 35/35
 52682 | Swamp:4  | Got a decaying rune of Zot
 52838 | Swamp:4  | Noticed Nikola
 52949 | Snake:1  | Entered Level 1 of the Snake Pit
 52953 | Snake:1  | Found Licatof's Antique Weapon Emporium.
 52954 | Snake:1  | Identified the +12 rapier "Ucoump Lirch" {vorpal, rCorr}
 53029 | Snake:1  | Found Docol's Jewellery Shop.
 53210 | Snake:1  | Identified the +8 falchion "Killer Bee's Peril" {vorpal,
                  | rN+ Stlth+}
 53454 | Snake:1  | Found Vitisel's Antique Armour Emporium.
 53458 | Snake:1  | Found Plog's Antique Weapon Shoppe.
 53461 | Snake:1  | Bought a glowing cloak for 270 gold pieces
 53461 | Snake:1  | Bought a distressingly furry leather armour for 252 gold
                  | pieces
 53461 | Snake:1  | Identified the +1 leather armour of the Sun {Rampage rElec
                  | rC- Dex+6} (You bought it in a shop on level 1 of the Snake
                  | Pit)
 53473 | Snake:1  | Bought a fading leather armour for 252 gold pieces
 53473 | Snake:1  | Identified the +3 leather armour "Weptun" {rElec Will+++
                  | Str-5} (You bought it in a shop on level 1 of the Snake
                  | Pit)
 53529 | Snake:1  | Found Voorghoq's Armour Emporium.
 53702 | Snake:1  | Found Kavoof's Armour Shop.
 53898 | Snake:1  | Found Ysac's Jewellery Boutique.
 53927 | Snake:1  | Bought the ring of Alyloroo {rPois EV+4 Slay+6} for 796
                  | gold pieces
 55646 | Snake:3  | Identified the +2 cloak of Defiance {rPois Regen+}
 55926 | Snake:3  | Noticed Vashnia
 55955 | Snake:3  | Reached skill level 10 in Translocations
 56021 | Snake:3  | Killed Vashnia
 56106 | Snake:3  | Found Zeukhliss's Book Shoppe.
 56106 | Snake:3  | Found Lah Gima's Jewellery Boutique.
 56107 | Snake:3  | Found Mirel's Book Shoppe.
 56374 | Snake:3  | HP: 5/134 [naga sharpshooter/bolt (6)]
 56374 | Snake:3  | Shot with a bolt by a naga sharpshooter

Illustrated notes

Levels and vault maps discovered:
D:1:      grunt_arrival_lava_bath, layout_loops_ring, serial_shops,
          nicolae_shop_crystal, grunt_decor_mini_mirrors, minmay_close_crescents
D:2:      layout_rooms, uniq_crazy_yiuf_cottage, uniq_natasha, uniq_jessica
D:3:      corexii_shack_village, layout_basic, shapermc_ecumenical_altar_venn,
          kennysheep_orc_chapel, uniq_terence
D:4:      layout_basic, minmay_temple_entry_waves, palyth_stone_intersect,
          roderic_roman_lattice
D:5:      layout_loops_cross, uniq_duvessa
D:6:      layout_loops_ring, serial_shops, shop, minmay_statues_item
D:7:      layout_loops_ring, grunt_temple_overflow_holy_war,
          minmay_fractal_squares_diagonal_5
D:8:      layout_loops_ring, uniq_psyche
D:9:      layout_loops_ring, mainiacjoe_overflow_big_doors, lemuel_round_altar,
          kennysheep_generic_room_6, uniq_joseph
D:10:     minmay_quarter_circles, layout_basic, zin_angel,
          nicolae_ashenzari_skybound, nicolae_dithmenos_shadow_blocks,
          mainiacjoe_overflow_catwalk
D:11:     layout_irregular_city, hiddenorc2_lemuel
D:12:     layout_roguey, serial_rivers, chequers_serial_rivers_small_b,
          chequers_serial_rivers_micro_e, chequers_serial_rivers_micro_d,
          chequers_serial_rivers_small_b, grunt_gozag_statues
D:13:     minmay_polygon_palace, layout_basic, gammafunk_ghost_spectres,
          enter_bailey_5, hellmonk_guarded_unrand_frostbite
D:14:     minmay_spiral_squares, layout_irregular_city, david_vaults_4,
          nicolae_ru_path_of_blood, gauntlet_entry_generic, uniq_azrael,
          uniq_louise, uniq_josephine
D:15:     hangedman_depths_entry_civil_slaughter, layout_irregular_city,
          chequers_serial_rivers_room_b, serial_shops, shop, grunt_ministairs_5,
          uniq_roxanne
Temple:   cyrus_circular_temple
Lair:1:   layout_misc_corridors, serial_bayou, serial_bayou_pond_b,
          serial_bayou_shore_b, serial_bayou_crossing, serial_bayou_pond_e,
          serial_bayou_shore_b, minivault_19, lemuel_centaur_altar,
          lemuel_fruit_fields
Lair:2:   layout_long_grid, minmay_swamp_entry_worms, serial_bayou_pond_d,
          gammafunk_lair_bear_cave
Lair:3:   layout_long_grid, ebering_ghost_inner_flame, grunt_megastairs_1
Lair:4:   layout_hall_layers, guppyfry_snake_entry_garden, pond,
          minmay_lair_oklob_chamber, grunt_megastairs_2
Lair:5:   layout_layer_cave, portal_ice_cave_entry_ice_simulacra,
          bh_autumn_forest_stairs, hangedman_lair_unloving_vines
Lair:6:   grunt_lair_end_beastmaster, layout_long_grid, slime_altar_1,
          lemuel_fruit_tree
Swamp:1:  layout_basic_swamp, evilmike_swamp_ruin_house_5, swamp_pool1
Swamp:2:  layout_basic_swamp, gammafunk_ghost_berserking_beasts,
          nicolae_swamp_feature_on_the_river_bank, swamp_pool3
Swamp:3:  layout_basic_swamp, serial_swamp_ruin, evilmike_swamp_ruin_rubble_1,
          evilmike_swamp_ruin_house_4, swamp_pool2, hangedman_swamp_ravenous,
          uniq_bai_suzhen
Swamp:4:  swamp_vile, layout_basic_swamp, uniq_mara, uniq_nikola
Snake:1:  layout_basic, serial_shops, nicolae_lakefront_shop, shop,
          nicolae_shop_overgrown_old_shop, nicolae_shop_stone,
          nicolae_shop_competitors_out_of_business, st_stairs_6,
          minmay_shoptagon
Snake:2:  layout_rooms, grunt_ministairs_11, statue_in_the_mist_lemuel
Snake:3:  nicolae_snake_shooting_gallery, layout_grid_maze, minmay_shop_grove,
          uniq_vashnia, uniq_aizul
Orc:1:    layout_caves, nicolae_specific_store
Orc:2:    grunt_orc_cross, layout_caves

Skill      XL: |  1  2  3  4  5  6  7  8  9 10 11 12 13 14 15 16 17 18 |
---------------+-------------------------------------------------------+-----
Ice Magic      | 4 5 6 7 8 9 10 11 12 13 14 15 | 15.0
Shields        | 1 2 3 4 5 |  5.0
Dodging        | 2 3 4 5 6 |  6.0
Spellcasting   | 3 5 6 8 9 10 11 12 13 | 13.3
Invocations    | 2 5 8 10 11 12 13 | 13.0
Fighting       | 1 2 5 6 8 10 | 10.1
Slings         | 1 2 |  2.0
Polearms       | 1 4 5 6 8 10 11 | 11.4
Conjurations   | 3 5 7 8 9 10 12 | 12.7
Stealth        | 2 |  2.0
Translocations | 5 6 7 10 | 10.2
Evocations     | 3 |  3.1
Armour         | 3 5 |  5.0
Throwing       | 3 |  3.1

Action                   |  1- 3 |  4- 6 |  7- 9 | 10-12 | 13-15 | 16-18 || total
-------------------------+-------+-------+-------+-------+-------+-------++-------
Melee: Dagger            |    17 |       |    28 |     7 |       |       ||    52
       Short sword       |   123 |    52 |     1 |       |       |       ||   176
       Headbutt          |    14 |    21 |    51 |   114 |   288 |   360 ||   848
       Whip              |       |    77 |   296 |       |       |       ||   373
       Spear             |       |       |       |   655 |  1408 |   683 ||  2746
       Demon trident     |       |       |       |       |       |  1235 ||  1235
 Fire: Hunting sling     |       |    42 |   126 |    44 |       |       ||   212
Throw: Stone             |     1 |     4 |     4 |     5 |       |       ||    14
       Boomerang         |       |       |       |    27 |   116 |   169 ||   312
       Throwing net      |       |       |       |       |       |     1 ||     1
 Cast: Freeze            |    13 |    20 |    26 |    20 |    16 |     4 ||    99
       Frozen Ramparts   |     1 |     7 |    27 |    69 |   148 |   120 ||   372
       Ozocubu's Armour  |       |     5 |    21 |    57 |    94 |    92 ||   269
       Hailstorm         |       |       |     5 |    11 |    20 |    43 ||    79
       Iskenderun's Myst |       |       |       |       |    31 |    58 ||    89
       Gell's Gravitas   |       |       |       |       |    11 |     7 ||    18
       Blink             |       |       |       |       |     4 |    17 ||    21
       Orb of Destructio |       |       |       |       |       |     2 ||     2
Invok: Channel Magic     |       |       |     1 |     2 |     4 |     2 ||     9
Evoke: Wand              |       |       |       |     5 |    15 |    23 ||    43
       Condenser vane    |       |       |       |       |       |     1 ||     1
  Use: Scroll            |       |     3 |     2 |    10 |    16 |    16 ||    47
       Potion            |       |       |     3 |     1 |     4 |     5 ||    13
 Stab: Sleeping          |     6 |     3 |     3 |     4 |     4 |     4 ||    24
       Distracted        |     1 |       |       |     3 |     3 |     1 ||     8
       Paralysed         |       |       |    25 |    93 |   163 |   130 ||   411
       Held in net/web   |       |       |       |       |       |     1 ||     1
Armor: Robe              |    49 |    53 |   119 |   290 |   466 |   362 ||  1339
       Swamp dragon scal |       |       |       |       |       |   244 ||   244
Dodge: Dodged            |   102 |    64 |   142 |   263 |   412 |   563 ||  1546
Block: Buckler           |    19 |    41 |   111 |   261 |   535 |   640 ||  1607
